| TOP OF THE 1ST |
|
Pensacola Blue Wahoos batting - Pitching for San Antonio Missions : RHP Travis White
|
|
Pitching: RHP Travis White
|
|
|
Batting: SHB Bryan Johnston
|
0-0: Called Strike 0-1: Called Strike 0-2: Foul Ball, location: 2F 0-2: Ball 1-2: Foul Ball, location: 2F 1-2: Fly out, F8 (Line Drive, 8LM, EV 100.0 MPH)
|
|
Batting: LHB Curt Johnson
|
0-0: Ball 1-0: Called Strike 1-1: Ball 2-1: Ball 3-1: Ground out 1-3 (Groundball, 13S, EV 67.5 MPH)
|
|
Batting: LHB Leo Gomez
|
0-0: Fly out, F8 (Line Drive, 89M, EV 91.2 MPH)
|
| Top of the 1st over - 0 runs, 0 hits, 0 errors, 0 left on base; Pensacola 0 - San Antonio 0 |
| BOTTOM OF THE 1ST |
|
San Antonio Missions batting - Pitching for Pensacola Blue Wahoos : RHP Matt Johnson
|
|
Pitching: RHP Matt Johnson
|
|
|
Batting: LHB Sammy Roddenberry
|
0-0: Ball 1-0: SINGLE (Line Drive, 6D, EV 99.4 MPH)
|
|
Batting: SHB Devin Hottenstein
|
0-0: Ball Sammy Roddenberry is caught stealing 2nd base 2-6 1-0: Ball 2-0: Foul Ball, location: 2F 2-1: Foul Ball, location: 2F 2-2: Ground out 1-3 (Groundball, 13S, EV 68.1 MPH)
|
|
Batting: RHB Wally Cangro
|
0-0: Ball 1-0: SOLO HOME RUN (Flyball, 8LXD, EV 109.4 MPH), Distance : 417 ft
|
|
Batting: RHB Mike Maserang
|
0-0: Fly out, F8 (Line Drive, 78M, EV 87.5 MPH)
|
| Bottom of the 1st over - 1 run, 2 hits, 0 errors, 0 left on base; Pensacola 0 - San Antonio 1 |
| TOP OF THE 2ND |
|
Pensacola Blue Wahoos batting - Pitching for San Antonio Missions : RHP Travis White
|
|
Batting: RHB Juan Reyes
|
0-0: Ball 1-0: Ball 2-0: Called Strike 2-1: Foul Ball, location: 2F 2-2: Ball 3-2: Ground out 5-3 (Groundball, 56, EV 88.8 MPH)
|
|
Batting: RHB David Clough
|
0-0: Ball 1-0: Ball 2-0: Foul Ball, location: 2F 2-1: Foul Ball, location: 2F 2-2: SINGLE (Groundball, 4MD, EV 95.6 MPH)
|
|
Batting: RHB Dusty Pollert
|
0-0: Ball 1-0: Foul Ball, location: 2F 1-1: Ball 2-1: Ball 3-1: Foul Ball, location: 2F 3-2: Strikes out looking
|
|
Batting: LHB Nick Nino
|
0-0: Fielders Choice at 2nd, 6-4 (Groundball, 6, EV 85.6 MPH)
|
| Top of the 2nd over - 0 runs, 1 hit, 0 errors, 1 left on base; Pensacola 0 - San Antonio 1 |
| BOTTOM OF THE 2ND |
|
San Antonio Missions batting - Pitching for Pensacola Blue Wahoos : RHP Matt Johnson
|
|
Batting: RHB Jaden Scott
|
0-0: Ball 1-0: Called Strike 1-1: Swinging Strike 1-2: Foul Ball, location: 2F 1-2: Strikes out swinging
|
|
Batting: RHB Joe Weissman
|
0-0: Ball 1-0: Ball 2-0: Ball 3-0: Base on Balls
|
|
Batting: RHB Francisco Trejo
|
0-0: Swinging Strike 0-1: Swinging Strike 0-2: Ball 1-2: Strikes out swinging
|
|
Batting: RHB Gary Hills
|
0-0: Ball 1-0: Fly out, F8 (Flyball, 8RXD, EV 98.1 MPH)
|
| Bottom of the 2nd over - 0 runs, 0 hits, 0 errors, 1 left on base; Pensacola 0 - San Antonio 1 |
| TOP OF THE 3RD |
|
Pensacola Blue Wahoos batting - Pitching for San Antonio Missions : RHP Travis White
|
|
Batting: RHB Ryan Short
|
0-0: Ball 1-0: Ground out 5-3 (Groundball, 56, EV 82.5 MPH)
|
|
Batting: RHB Jon Marquez
|
0-0: Ball 1-0: Ball 2-0: Ball 3-0: Called Strike 3-1: Fly out, F2 (Popup, 2L, EV 90.6 MPH)
|
|
Batting: SHB Bryan Johnston
|
0-0: Ball 1-0: Ball 2-0: Ball 3-0: Base on Balls
|
|
Batting: LHB Curt Johnson
|
0-0: Foul Ball, location: 2F 0-1: Ball Bryan Johnston steals 2nd base (no throw) 1-1: Ball 2-1: Fly out, F8 (Line Drive, 8LXD, EV 98.1 MPH)
|
| Top of the 3rd over - 0 runs, 0 hits, 0 errors, 1 left on base; Pensacola 0 - San Antonio 1 |
| BOTTOM OF THE 3RD |
|
San Antonio Missions batting - Pitching for Pensacola Blue Wahoos : RHP Matt Johnson
|
|
Batting: RHB Davey Verhoog
|
0-0: Foul Ball, location: 2F 0-1: Fly out, F8 (Flyball, 8RS, EV 90.6 MPH)
|
|
Batting: LHB Sammy Roddenberry
|
0-0: Called Strike 0-1: Called Strike 0-2: Ball 1-2: Foul Ball, location: 2F 1-2: Ball 2-2: Ball 3-2: Foul Ball, location: 2F 3-2: Base on Balls
|
|
Batting: SHB Devin Hottenstein
|
0-0: Ball 1-0: Foul Ball, location: 2F 1-1: Ball Sammy Roddenberry steals 2nd base 2-1: Called Strike 2-2: Ball 3-2: Fly out, F8 (Flyball, 8RS, EV 84.4 MPH)
|
|
Batting: RHB Wally Cangro
|
0-0: Called Strike 0-1: Swinging Strike 0-2: Ball 1-2: Ball 2-2: Strikes out swinging
|
| Bottom of the 3rd over - 0 runs, 0 hits, 0 errors, 1 left on base; Pensacola 0 - San Antonio 1 |
| TOP OF THE 4TH |
|
Pensacola Blue Wahoos batting - Pitching for San Antonio Missions : RHP Travis White
|
|
Batting: LHB Leo Gomez
|
0-0: Ground out 3-1 (Groundball, 34, EV 90.0 MPH)
|
|
Batting: RHB Juan Reyes
|
0-0: Called Strike 0-1: Ball 1-1: Ball 2-1: Ball 3-1: Fly out, F8 (Flyball, 8RD, EV 91.2 MPH)
|
|
Batting: RHB David Clough
|
0-0: Fly out, F7 (Flyball, 78D, EV 89.4 MPH)
|
| Top of the 4th over - 0 runs, 0 hits, 0 errors, 0 left on base; Pensacola 0 - San Antonio 1 |
| BOTTOM OF THE 4TH |
|
San Antonio Missions batting - Pitching for Pensacola Blue Wahoos : RHP Matt Johnson
|
|
Batting: RHB Mike Maserang
|
0-0: Ball 1-0: Ball 2-0: Called Strike 2-1: Foul Ball, location: 2F 2-2: SINGLE (Flyball, 3D, EV 91.2 MPH)
|
|
Batting: RHB Jaden Scott
|
0-0: Swinging Strike 0-1: Swinging Strike 0-2: Ball 1-2: Ball 2-2: Strikes out swinging
|
|
Batting: RHB Joe Weissman
|
0-0: Fly out, F4 (Line Drive, 4, EV 69.4 MPH)
|
|
Batting: RHB Francisco Trejo
|
0-0: Called Strike 0-1: Swinging Strike 0-2: Strikes out swinging
|
| Bottom of the 4th over - 0 runs, 1 hit, 0 errors, 1 left on base; Pensacola 0 - San Antonio 1 |
| TOP OF THE 5TH |
|
Pensacola Blue Wahoos batting - Pitching for San Antonio Missions : RHP Travis White
|
|
Batting: RHB Dusty Pollert
|
0-0: Foul Ball, location: 2F 0-1: Called Strike 0-2: Strikes out swinging
|
|
Batting: LHB Nick Nino
|
0-0: Ball 1-0: Ball 2-0: Ball 3-0: Base on Balls
|
|
Batting: RHB Ryan Short
|
0-0: Called Strike Nick Nino steals 2nd base 0-1: SINGLE (Groundball, 6M, EV 107.5 MPH) (infield hit) Nick Nino to third
|
|
Batting: RHB Jon Marquez
|
0-0: Ball 1-0: Foul Ball, location: 2F 1-1: Called Strike Ryan Short is caught stealing 2nd base 2-4 1-2: Strikes out swinging
|
| Top of the 5th over - 0 runs, 1 hit, 0 errors, 1 left on base; Pensacola 0 - San Antonio 1 |
| BOTTOM OF THE 5TH |
|
San Antonio Missions batting - Pitching for Pensacola Blue Wahoos : RHP Matt Johnson
|
|
Batting: RHB Gary Hills
|
0-0: Ball 1-0: Ground out 6-3 (Groundball, 6, EV 86.9 MPH)
|
|
Batting: RHB Davey Verhoog
|
0-0: Ball 1-0: Swinging Strike 1-1: Ball 2-1: Ground out 4-3 (Groundball, 4, EV 93.8 MPH)
|
|
Batting: LHB Sammy Roddenberry
|
0-0: Ball 1-0: Ball 2-0: Swinging Strike 2-1: Foul Ball, location: 2F 2-2: Strikes out swinging
|
| Bottom of the 5th over - 0 runs, 0 hits, 0 errors, 0 left on base; Pensacola 0 - San Antonio 1 |
| TOP OF THE 6TH |
|
Pensacola Blue Wahoos batting - Pitching for San Antonio Missions : RHP Travis White
|
|
Batting: SHB Bryan Johnston
|
0-0: Called Strike 0-1: Ball 1-1: Ball 2-1: SINGLE (Line Drive, 8RS, EV 90.0 MPH)
|
|
Batting: LHB Curt Johnson
|
0-0: Ball 1-0: Called Strike 1-1: Called Strike Passed Ball! Bryan Johnston to second 1-2: Ground out U3 (Groundball, 3, EV 83.1 MPH) Bryan Johnston to third
|
|
Batting: LHB Leo Gomez
|
0-0: Foul Ball, location: 2F 0-1: Foul Ball, location: 2F 0-2: Ball 1-2: Foul Ball, location: 2F 1-2: SINGLE (Line Drive, 89S, EV 92.5 MPH) Bryan Johnston scores
|
|
Batting: RHB Juan Reyes
|
0-0: Ball 1-0: Called Strike 1-1: Ball 2-1: Called Strike Leo Gomez steals 2nd base 2-2: Foul Ball, location: 2F 2-2: Ground out 5-3 (Groundball, 5, EV 85.0 MPH)
|
|
Pitching: RHP Tony Delgado
|
|
|
Batting: RHB David Clough
|
0-0: Ball 1-0: Swinging Strike 1-1: Ball 2-1: Foul Ball, location: 2F 2-2: Strikes out swinging
|
| Top of the 6th over - 1 run, 2 hits, 0 errors, 1 left on base; Pensacola 1 - San Antonio 1 |
| BOTTOM OF THE 6TH |
|
San Antonio Missions batting - Pitching for Pensacola Blue Wahoos : RHP Matt Johnson
|
|
Batting: SHB Devin Hottenstein
|
0-0: Foul Ball, location: 2F 0-1: Swinging Strike 0-2: Strikes out swinging
|
|
Batting: RHB Wally Cangro
|
0-0: Fly out, F8 (Flyball, 8LXD, EV 105.6 MPH)
|
|
Batting: RHB Mike Maserang
|
0-0: Swinging Strike 0-1: Foul Ball, location: 2F 0-2: Foul Ball, location: 2F 0-2: Strikes out looking
|
| Bottom of the 6th over - 0 runs, 0 hits, 0 errors, 0 left on base; Pensacola 1 - San Antonio 1 |
| TOP OF THE 7TH |
|
Pensacola Blue Wahoos batting - Pitching for San Antonio Missions : RHP Tony Delgado
|
|
Batting: RHB Dusty Pollert
|
0-0: SOLO HOME RUN (Flyball, 9D, EV 96.9 MPH), Distance : 372 ft
|
|
Batting: LHB Nick Nino
|
0-0: Called Strike 0-1: Ball 1-1: Ball 2-1: Called Strike 2-2: Strikes out swinging
|
|
Batting: RHB Ryan Short
|
0-0: DOUBLE (Groundball, 5L, EV 101.2 MPH)
|
|
Batting: RHB Jon Marquez
|
0-0: Called Strike 0-1: Fly out, F5 (Popup, 56S, EV 83.8 MPH)
|
|
Batting: SHB Bryan Johnston
|
0-0: Called Strike 0-1: Ball 1-1: Foul Ball, location: 2F 1-2: Strikes out swinging
|
| Top of the 7th over - 1 run, 2 hits, 0 errors, 1 left on base; Pensacola 2 - San Antonio 1 |
| BOTTOM OF THE 7TH |
|
San Antonio Missions batting - Pitching for Pensacola Blue Wahoos : RHP Matt Johnson
|
|
Now in CF: Kagetoki Kawai
|
|
|
Batting: RHB Jaden Scott
|
0-0: Called Strike 0-1: Swinging Strike 0-2: Foul Ball, location: 2F 0-2: Ball 1-2: Foul Ball, location: 2F 1-2: Strikes out swinging
|
|
Batting: RHB Joe Weissman
|
0-0: Called Strike 0-1: Foul Ball, location: 2F 0-2: Foul Ball, location: 2F 0-2: Ball 1-2: Ball 2-2: SINGLE (Groundball, 4D, EV 106.9 MPH)
|
|
Batting: RHB Francisco Trejo
|
0-0: Foul Ball, location: 2F 0-1: Ball 1-1: SINGLE (Groundball, 34D, EV 98.1 MPH) Joe Weissman to second Runner from 2nd tries for 3rd, SAFE, throw by RF made to third
|
|
Batting: RHB Gary Hills
|
0-0: Ball 1-0: Foul Ball, location: 2F 1-1: Foul Ball, location: 2F 1-2: Ball Wild Pitch! Joe Weissman scores Francisco Trejo to second 2-2: Strikes out swinging
|
|
Batting: RHB Davey Verhoog
|
0-0: Swinging Strike 0-1: Fly out, F8 (Flyball, 8RM, EV 84.4 MPH)
|
| Bottom of the 7th over - 1 run, 2 hits, 0 errors, 1 left on base; Pensacola 2 - San Antonio 2 |
| TOP OF THE 8TH |
|
Pensacola Blue Wahoos batting - Pitching for San Antonio Missions : RHP Tony Delgado
|
|
Batting: LHB Curt Johnson
|
0-0: Ground out 1-3 (Groundball, 13S, EV 75.6 MPH)
|
|
Batting: LHB Leo Gomez
|
0-0: Ball 1-0: Foul Ball, location: 2F 1-1: Ball 2-1: Foul Ball, location: 2F 2-2: Ball 3-2: Strikes out swinging
|
|
Batting: RHB Juan Reyes
|
0-0: Called Strike 0-1: Fly out, F8 (Flyball, 8LS, EV 92.5 MPH)
|
| Top of the 8th over - 0 runs, 0 hits, 0 errors, 0 left on base; Pensacola 2 - San Antonio 2 |
| BOTTOM OF THE 8TH |
|
San Antonio Missions batting - Pitching for Pensacola Blue Wahoos : RHP Matt Johnson
|
|
Pitching: RHP Frank Munoz
|
|
|
Batting: LHB Sammy Roddenberry
|
0-0: Ball 1-0: Ball 2-0: Ground out 5-3 (Groundball, 25, EV 86.9 MPH)
|
|
Batting: SHB Devin Hottenstein
|
0-0: Ball 1-0: Ball 2-0: Foul Ball, location: 2F 2-1: Foul Ball, location: 2F 2-2: Ground out 4-3 (Groundball, 4, EV 101.2 MPH)
|
|
Batting: RHB Wally Cangro
|
0-0: Ball 1-0: Foul Ball, location: 2F 1-1: Fly out, F8 (Flyball, 8LM, EV 85.6 MPH)
|
| Bottom of the 8th over - 0 runs, 0 hits, 0 errors, 0 left on base; Pensacola 2 - San Antonio 2 |
| TOP OF THE 9TH |
|
Pensacola Blue Wahoos batting - Pitching for San Antonio Missions : RHP Tony Delgado
|
|
Pitching: LHP Ed Valdez
|
|
|
Batting: RHB David Clough
|
0-0: Called Strike 0-1: Foul Ball, location: 2F 0-2: Ball 1-2: Ball 2-2: Foul Ball, location: 2F 2-2: Ground out 5-3 (Groundball, 5L, EV 88.1 MPH)
|
|
Batting: RHB Dusty Pollert
|
0-0: DOUBLE (Line Drive, 89XD, EV 106.2 MPH)
|
|
Pinch Hitting: RHB Tim Wormell
|
0-0: Called Strike Dusty Pollert steals 3rd base 0-1: Ball 1-1: Bunted foul 1-2: Ground out 6-3 (Groundball, 6, EV 90.0 MPH)
|
|
Batting: RHB Ryan Short
|
0-0: Called Strike 0-1: Ball 1-1: Swinging Strike 1-2: Ground out 6-3 (Groundball, 6, EV 99.4 MPH)
|
| Top of the 9th over - 0 runs, 1 hit, 0 errors, 1 left on base; Pensacola 2 - San Antonio 2 |
| BOTTOM OF THE 9TH |
|
San Antonio Missions batting - Pitching for Pensacola Blue Wahoos : RHP Frank Munoz
|
|
Pitching: RHP Tim Bant
|
|
|
Now at 2B: Tim Wormell
|
|
|
Now at SS: Ryan Short
|
|
|
Batting: RHB Mike Maserang
|
0-0: Ball 1-0: Called Strike 1-1: Fly out, F7 (Line Drive, 7, EV 90.6 MPH)
|
|
Batting: RHB Jaden Scott
|
0-0: Foul Ball, location: 2F 0-1: TRIPLE (Flyball, 9LD, EV 94.4 MPH)
|
|
Batting: RHB Joe Weissman
|
0-0: Intentional Walk
|
|
Batting: RHB Francisco Trejo
|
0-0: Squeeze Bunt to 3S - play home, runner scores, batter safe! Jaden Scott scores
|
| Bottom of the 9th over - 1 run, 1 hit, 0 errors, 1 left on base; Pensacola 2 - San Antonio 3 |
|